 Dungeon Crawl Stone Soup version 0.24.0-41-g2ae2f7f1be (webtiles) character file.

Game seed: 4371932734899581075, levelgen mode: deterministic

2093 Goreval the Geomancer (level 9, -8/52 HPs)
             Began as a Gargoyle Earth Elementalist on Dec 13, 2019.
             Was an Initiate of Vehumet.
             Mangled by Duvessa
             ... wielding a +1 short sword of speed
              (14 damage)
             ... on level 4 of the Dungeon.
             The game lasted 00:21:23 (8830 turns).

Goreval the Geomancer (Gargoyle Earth Elementalist) Turns: 8830, Time: 00:21:23

Health: -8/52      AC:  9    Str: 12    XL:     9   Next: 27%
Magic:  0/17       EV: 11    Int: 19    God:    Vehumet [......]
Gold:   355        SH:  5    Dex: 10    Spells: 8/19 levels left

rFire    . . .     SeeInvis .   a - +5 dagger
rCold    . . .     Gourm    .   o - +1 buckler
rNeg     + + .     Faith    .   n - +0 leather armour
rPois    ∞         Spirit   .   (no helmet)
rElec    +         Reflect  .   (no cloak)
rCorr    .         Harm     .   (no gloves)
MR       .....                  (no boots)
Stlth    ++........             (no amulet)
HPRegen  0.17/turn              p - ring of positive energy
MPRegen  0.15/turn              (no ring)

@: no status effects
A: negative energy resistance 1, electricity resistance, unbreathing,
petrification resistance, rot immunity, AC +6
a: Renounce Religion


You were on level 4 of the Dungeon.
You worshipped Vehumet.
Vehumet was noncommittal.
You were very hungry.

You visited 2 branches of the dungeon, and saw 8 of its levels.

You collected 379 gold pieces.
You spent 24 gold pieces at shops.

Inventory:

Hand Weapons
 a - a +5 dagger (weapon)
 b - a +0 scimitar
Missiles
 w - 28 stones (quivered)
Armour
 n - a +0 leather armour (worn)
 o - a +1 buckler (worn)
Jewellery
 p - a ring of positive energy (left hand)
Wands
 j - a wand of clouds (3)
 q - a wand of scattershot (2)
Scrolls
 e - 3 scrolls of blinking
 f - a scroll of identify
 g - a scroll of enchant weapon {unknown}
 l - 3 scrolls of teleportation
 r - a scroll of enchant armour
Potions
 i - 2 potions of resistance
 k - 2 potions of flight
 m - a potion of magic
 s - a potion of degeneration {unknown}
 t - a potion of curing {unknown}
Comestibles
 d - 11 rations


   Skills:
 + Level 4.2 Fighting
 - Level 1.5 Dodging
 - Level 2.1 Stealth
 - Level 4.0 Shields
 + Level 5.7 Spellcasting
 - Level 0.7 Transmutations
 * Level 10.8 Earth Magic


You had 8 spell levels left.
You knew the following spells:

 Your Spells              Type           Power        Failure   Level  Hunger
a - Stone Arrow           Conj/Erth      ####..       4%          3    ##.....
b - Sandblast             Erth           #####.       1%          1    None
c - Lee's Rapid Deconstr  Erth           #####.....   4%          5    #####..
p - Passwall              Tmut/Erth      ####....     1%          2    None

Your spell library contained the following spells:

 Spells                   Type           Power        Failure   Level  Hunger
 Beastly Appendage        Tmut           #.....       11%         1    None
 Animate Skeleton         Necr           N/A          14%         1    None
 Apportation              Tloc           #.....       14%         1    None
 Confusing Touch          Hex            #.....       14%         1    None
 Summon Small Mammal      Summ           #...         14%         1    None
 Petrify                  Tmut/Erth      ####....     14%         4    ####...
 Sticks to Snakes         Tmut           #.......     17%         2    None
 Spider Form              Tmut/Pois      #.........   36%         3    ##.....
 Ice Form                 Ice/Tmut       #.......     77%         4    ####...
 Blade Hands              Tmut           #.........   97%         5    #####..


Dungeon Overview and Level Annotations

Branches:
Dungeon (7/15)             Temple (1/1) D:7

Altars:
Cheibriados
Dithmenos
Elyvilon
Fedhas
Hepliaklqana
Kikubaaqudgha
Makhleb
Nemelex Xobeh
Okawaru
Sif Muna
Trog
Uskayaw
Vehumet
Xom
Yredelemnul
Zin
The Shining One

Shops:
D:5 :   D:6 ?

Annotations:
D:4 Duvessa


Innate Abilities, Weirdness & Mutations

You are resistant to torment.
Your stone body is resilient. (AC +6)
You are immune to poison.
You resist negative energy. (rN+)
You are resistant to electric shocks. (rElec)
You can survive without breathing.
You are immune to petrification.
You are immune to rotting.


Message History

You block Duvessa's attack.
Duvessa hits you with a +1 short sword of speed.
Aim: Duvessa, wielding a +1 short sword of speed and wearing a +0 ring mail (severely wounded, berserk, fast, unusually strong)
The blast of sand hits Duvessa.
w - 29 stones Duvessa hits you but does no damage.
Duvessa hits you with a +1 short sword of speed!
Aim: Duvessa, wielding a +1 short sword of speed and wearing a +0 ring mail (severely wounded, berserk, fast, unusually strong)
The blast of sand hits Duvessa.
w - 28 stones Duvessa hits you with a +1 short sword of speed.
Duvessa misses you.
Okay, then.
Aim: Duvessa, wielding a +1 short sword of speed and wearing a +0 ring mail (severely wounded, berserk, fast, unusually strong)
The burst of metal fragments hits Duvessa but does no damage. x2
The burst of metal fragments hits Duvessa!
Duvessa hits you with a +1 short sword of speed!
* * * LOW HITPOINT WARNING * * *
Duvessa hits you with a +1 short sword of speed!
You die...

#.####.###.##.######.##.###.##.##
#....................##.# #......
##########.##.##.######.# ####.##
#.##.##.# #.######.# #.##.##.#
#........# #.##.##.# ##########
#.##.##.# #####
##########.##.##.#####...#
...............e@........#
.#########.#.###.#####...# .#
#.#.# #........## ## #.#.#
########.######### #.#.#
#.......... #.#.# #.######..#
#.#.# #.# #... #.#.# #.# ##.#
#.#.# #.# #..


You could see Duvessa (berserk).

Vanquished Creatures
  Grinder (D:4)
  Eustachio (D:5)
  An orc warrior (D:6)
  2 phantoms (D:5)
  2 ogres
  A centaur (D:6)
  Blork the orc (D:5)
  A wyvern skeleton (D:5)
  Dowan (D:4)
  3 howler monkeys
  A crimson imp (D:6)
  3 hounds (D:5)
  A jelly (D:7)
  3 orc priests
  A bullfrog skeleton (D:5)
  3 iguanas
  Jessica (D:2)
  5 worker ants
  Natasha (thrice) (D:4)
  7 orc wizards
  5 adders
  5 worms
  4 dart slugs
  4 leopard geckos
  34 orcs
  8 bats
  4 giant cockroaches
  9 goblins
  9 hobgoblins
  3 jackals (D:6)
  8 kobolds
  2 quokkas
  4 frilled lizards
  A leopard gecko zombie (D:5)
  2 rats
144 creatures vanquished.

Notes
Turn   | Place    | Note
-------+----------+-------------------------------------------
     0 | D:1      | Goreval the Gargoyle Earth Elementalist began the quest for
                  | the Orb.
     0 | D:1      | Reached XP level 1. HP: 10/10 MP: 3/3
   312 | D:1      | Reached skill level 4 in Earth Magic
   313 | D:1      | Reached XP level 2. HP: 11/15 MP: 1/5
  1035 | D:1      | Reached XP level 3. HP: 19/19 MP: 3/6
  1040 | D:1      | Learned a level 3 spell: Stone Arrow
  1234 | D:2      | Noticed a +0 dagger
  1234 | D:2      | Noticed a +0 dagger
  1238 | D:2      | Found a hide-covered altar of Uskayaw.
  1322 | D:2      | Noticed Jessica
  1747 | D:2      | Reached skill level 5 in Earth Magic
  2094 | D:2      | Reached XP level 4. HP: 20/24 MP: 3/8
  2222 | D:2      | Killed Jessica
  2603 | D:3      | Reached skill level 6 in Earth Magic
  2603 | D:3      | Reached XP level 5. HP: 14/28 MP: 6/9
  2610 | D:3      | Learned a level 5 spell: Lee's Rapid Deconstruction
  3318 | D:3      | Found a glowing golden altar of the Shining One.
  3408 | D:3      | Reached XP level 6. HP: 32/32 MP: 2/11
  3412 | D:3      | Learned a level 2 spell: Passwall
  3476 | D:3      | Reached skill level 7 in Earth Magic
  4350 | D:4      | Reached XP level 7. HP: 36/36 MP: 0/13
  4516 | D:3      | Reached skill level 8 in Earth Magic
  4762 | D:4      | Noticed Natasha
  4763 | D:4      | Killed Natasha
  4841 | D:4      | Noticed Natasha
  4844 | D:4      | Killed Natasha
  4963 | D:4      | Noticed Natasha
  4977 | D:4      | Killed Natasha
  4999 | D:4      | Reached skill level 1 in Shields
  5354 | D:4      | Noticed Grinder
  5376 | D:4      | Killed Grinder
  5376 | D:4      | Reached skill level 1 in Fighting
  5376 | D:4      | Reached XP level 8. HP: 37/43 MP: 9/14
  5646 | D:4      | Noticed Duvessa
  5682 | D:4      | Noticed Dowan
  5724 | D:5      | Entered Level 5 of the Dungeon
  5763 | D:5      | Reached skill level 9 in Earth Magic
  6049 | D:5      | Found Buxaod's Book Shoppe.
  6487 | D:5      | Noticed Eustachio
  6493 | D:5      | Killed Eustachio
  6493 | D:5      | Reached skill level 5 in Spellcasting
  6578 | D:5      | Noticed Blork the orc
  6687 | D:5      | Killed Blork the orc
  6744 | D:5      | Reached skill level 10 in Earth Magic
  7293 | D:5      | Reached XP level 9. HP: 50/51 MP: 4/17
  7893 | D:6      | Found Mytreni's Magic Scroll Boutique.
  7898 | D:6      | Bought a scroll of identify for 24 gold pieces
  8069 | D:6      | Found an iron altar of Okawaru.
  8111 | D:6      | Found an ancient bone altar of Kikubaaqudgha.
  8120 | D:6      | Found a glowing silver altar of Zin.
  8121 | D:6      | Found a shimmering altar of Xom.
  8123 | D:6      | Found a hazy altar of Hepliaklqana.
  8153 | D:6      | Found a shimmering blue altar of Sif Muna.
  8364 | D:6      | Found a sparkling altar of Nemelex Xobeh.
  8624 | D:7      | Found a staircase to the Ecumenical Temple.
  8636 | Temple   | Entered the Ecumenical Temple
  8649 | Temple   | Became a worshipper of Vehumet
  8784 | D:4      | Killed Dowan
  8830 | D:4      | Mangled by Duvessa

Levels and vault maps discovered:
D:1:      dpeg_arrival_line_fractal, layout_rooms, serial_glass,
          glass_columns_a, glass_columns_b, chequers_serial_rivers_micro_a
D:2:      layout_rooms, dancing_weapons_uskayaw, uniq_jessica
D:3:      cheibrodos_pilgrimage, layout_basic, tso_metal_star
D:4:      layout_loops_ring, first_ration, uniq_duvessa, uniq_grinder,
          uniq_natasha
D:5:      layout_loops_ring, serial_shops, shop, serial_bayou,
          serial_bayou_pond_b, serial_bayou_ford_a, serial_bayou_pond_b,
          serial_bayou_lake_a, uniq_blork_the_orc, uniq_eustachio
D:6:      layout_cave_pools, grunt_temple_overflow_open,
          kennysheep_okawaru_gauntlet, serial_shops, kennysheep_little_box,
          serial_column_ruins, column_ruins_hut_pillars, column_ruins_grid_1,
          column_ruins_grid_1, column_ruins_grid_4, column_ruins_open_medium,
          column_ruins_columns_plus, basic_altar, nemelex_lonely_heart_becter
D:7:      layout_cave_pods, lemuel_doored_altar, minmay_temple_entry_statues,
          serial_shops, nicolae_shop_behind_doors, uniq_harold
Temple:   cyrus_circular_temple

Skill      XL: |  1  2  3  4  5  6  7  8  9 |
---------------+----------------------------+-----
Earth Magic    | 4 5 6 7 8 10 | 10.8
Spellcasting   | 3 4 5 |  5.7
Shields        | 2 4 |  4.0
Fighting       | 1 3 4 |  4.2
Dodging        | |  1.5
Stealth        | |  2.1
Transmutations | |  0.7

Action                   |  1- 3 |  4- 6 |  7- 9 || total
-------------------------+-------+-------+-------++-------
Melee: Unarmed           |    20 |       |       ||    20
       Whip              |    95 |     5 |       ||   100
       Dagger            |       |    21 |    56 ||    77
       Scimitar          |       |       |     3 ||     3
 Cast: Sandblast         |    25 |    27 |    61 ||   113
       Stone Arrow       |    15 |    29 |    72 ||   116
       Passwall          |       |       |     2 ||     2
Evoke: Wand              |       |       |     1 ||     1
  Use: Scroll            |       |       |    10 ||    10
 Stab: Sleeping          |     1 |     1 |       ||     2
  Eat: Chunk             |     3 |    10 |    13 ||    26
       Ration            |     1 |       |     1 ||     2
Armor: Robe              |    67 |     9 |     1 ||    77
       Leather armour    |       |       |    29 ||    29
Dodge: Dodged            |    93 |    29 |    63 ||   185
Block: Buckler           |       |       |    20 ||    20
       Rpst.: Scimitar   |       |       |     2 ||     2
